 Dungeon Crawl Stone Soup version 0.16.1-2-g95b8d4c (webtiles) character file.

452 hhkb the Sneak (level 7, -4/34 HPs)
             Began as a Vine Stalker Assassin on Mar 24, 2015.
             Slain by a sky beast (5 damage)
             ... on level 5 of the Dungeon.
             The game lasted 00:11:58 (3998 turns).

hhkb the Sneak (Vine Stalker Assassin)              Turns: 3998, Time: 00:11:58

Health: -4/34      AC: 13    Str: 15    XL:     7   Next: 5%
Magic:  0/9        EV:  6    Int: 15    God:
Gold:   209        SH:  0    Dex: 16    Spells: 0 memorised, 6 levels left

rFire  . . .     SeeInvis .     b - +0 blowgun
rCold  . . .     Clarity  .     s - +0 chain mail
rNeg   . . .     SustAb   .     (no shield)
rPois  .         Gourm    .     D - +0 helmet
rElec  .         Spirit   +     d - +0 cloak
rCorr  .         Warding  .     z - +2 pair of gloves
rMut   .         Stasis   .     (no boots)
MR     .....                    (no amulet)
Stlth  ..........               w - ring of flight {+Fly, !d}
                                t - +4 ring of intelligence

@: not resistant to hostile enchantments, extremely unstealthy
A: fangs 2, regeneration 2, magic shield, antimagic bite, no device heal 3, rot
immunity
a: Evoke Flight


You were on level 5 of the Dungeon.
You were not hungry.

You visited 1 branch of the dungeon, and saw 5 of its levels.

You collected 209 gold pieces.

Inventory:

Hand weapons
 a - a +3 whip
   (You found it on level 3 of the Dungeon)
 b - a +0 blowgun (weapon)
Missiles
 e - 27 poisoned needles (quivered)
 i - 82 stones
Armour
 d - a +0 cloak (worn)
 s - a +0 chain mail (worn)
   (You found it on level 2 of the Dungeon)
 z - a +2 pair of gloves (worn)
   (You found it on level 3 of the Dungeon)
 D - a +0 helmet (worn)
   (You found it on level 4 of the Dungeon)
Jewellery
 t - a +4 ring of intelligence (left hand)
   (You found it on level 2 of the Dungeon)
 w - a ring of flight (right hand) {+Fly, !d}
   (You found it on level 2 of the Dungeon)
Scrolls
 h - a scroll of magic mapping {unknown}
 j - a scroll of immolation {unknown}
 k - a scroll of blinking {unknown}
 n - a scroll of recharging {unknown}
 o - 2 scrolls of enchant weapon {unknown}
 p - 5 scrolls of teleportation
 v - 2 scrolls of remove curse
 y - a scroll of identify
 F - a scroll of fog {unknown}
Potions
 c - a potion of berserk rage {unknown}
 f - 2 potions of heal wounds
 l - 2 potions of agility {unknown}
 m - 6 potions of curing
 q - a potion of invisibility {unknown}
 x - a potion of restore abilities {unknown}
 A - a potion of lignification {!q}
 B - 3 potions of brilliance
Comestibles
 g - 2 bread rations {@e1}
 u - 3 beef jerkies
 C - 2 chunks of flesh {@w0}
 E - 2 meat rations {@e2}


   Skills:
 - Level 1.7 Fighting
   Level 4.9 Short Blades
 + Level 4.0 Maces & Flails
 - Level 1.7 Throwing
 - Level 0.7 Dodging
 - Level 5.2 Stealth


You had 6 spell levels left.
You didn't know any spells.

Dungeon Overview and Level Annotations

Branches:
Dungeon (5/15)
 Temple: D:4-7

Altars:
Makhleb
Vehumet


Innate Abilities, Weirdness & Mutations

You have extremely sharp teeth.
You heal very quickly.
When hurt, damage is shared between your health and your magic reserves.
Your bite disrupts and absorbs the magic of your enemies.
Potions and wands cannot restore your health.
You are immune to rotting.


Message History

The sky beast is poisoned.
Aim: a sky beast (lightly wounded, poisoned)
You shoot a poisoned needle.
The poisoned needle closely misses the sky beast.
The sky beast flickers out of sight!
Deactivating autopickup; reactivate with Ctrl-A.
A sky beast appears from thin air!
Reactivating autopickup.
The sky beast flickers out of sight!
Deactivating autopickup; reactivate with Ctrl-A.
a - a +3 whip (weapon)
Something hits you but does no damage. Something hits you but does no damage.
You hit something. You bite something. You drain its power.
Something hits you but does no damage.
You miss something. Your bite misses something.
Something hits you but does no damage.
Your chain mail prevents you from hitting something.
Your bite misses something. Something hits you but does no damage.
You closely miss something. You bite something. You drain its power.
Something hits you but does no damage.
You closely miss something. Your bite misses something.
A sky beast appears from thin air!
Reactivating autopickup.
The sky beast hits you but does no damage.
The rain has left you waist-deep in water!
Splash!
You fall into the shallow water.
Moving in this stuff is going to be slow.
You hit the sky beast. Your bite misses the sky beast.
The sky beast barely misses you.
Your unstable footing causes you to fumble your attack.
The sky beast hits you. The sky beast shocks you.
You take 6 damage, and have 28/34 hp.
You now have 8/9 mp.
You barely miss the sky beast.
The sky beast flickers out of sight!
Deactivating autopickup; reactivate with Ctrl-A.
Something completely misses you.
Your unstable footing causes you to fumble your attack.
Your unstable footing causes you to fumble your attack.
A sky beast appears from thin air!
Reactivating autopickup.
The sky beast closely misses you.
You hit the sky beast. You bite the sky beast. You drain its power.
You feel invigorated. The sky beast completely misses you.
MP restored: 9 You hit the sky beast.
The sky beast flickers out of sight!
Deactivating autopickup; reactivate with Ctrl-A.
Something hits you. Something shocks you.
You take 5 damage, and have 24/34 hp.
You now have 8/9 mp.
You hit something but do no damage. Something hits you. Something shocks you.
You take 6 damage, and have 18/34 hp.
You now have 6/9 mp.
Your unstable footing causes you to fumble your attack.
Something hits you but does no damage.
Your unstable footing causes you to fumble your attack.
Something hits you. Something shocks you.
You take 5 damage, and have 14/34 hp.
You now have 4/9 mp.
Your unstable footing causes you to fumble your attack.
Something hits you but does no damage.
You barely miss something. Something hits you but does no damage.
You closely miss something. Your bite misses something.
A sky beast appears from thin air!
Reactivating autopickup.
The sky beast hits you but does no damage.
Your unstable footing causes you to fumble your attack.
You closely miss the sky beast. Your bite misses the sky beast.
The sky beast barely misses you.
You hit the sky beast. Your bite misses the sky beast.
The sky beast flickers out of sight!
Deactivating autopickup; reactivate with Ctrl-A.
Something hits you. Something shocks you.
You take 5 damage, and have 12/34 hp.
You now have 3/9 mp.
Your unstable footing causes you to fumble your attack.
Something hits you but does no damage.
Your unstable footing causes you to fumble your attack.
Something hits you but does no damage.
Your unstable footing causes you to fumble your attack.
Something hits you. Something shocks you.
* * * LOW HITPOINT WARNING * * *
You take 6 damage, and have 7/34 hp.
You now have 2/9 mp.
b - a +0 blowgun (weapon)
Quiver which item? (- for none, * to show all) (? for menu, Esc to quit)
Quivering
r - 2 curare-tipped needles for blowguns.
Aim: a rat You shoot a curare-tipped needle.
The curare-tipped needle hits the rat.
The rat is poisoned.
The rat convulses.
You kill the rat!
A sky beast appears from thin air!
Reactivating autopickup.
The sky beast hits you.
* * * LOW HITPOINT WARNING * * *
The sky beast shocks you.
* * * LOW HITPOINT WARNING * * *
You take 6 damage, and have 2/34 hp.
You now have 1/9 mp.
Aim: a sky beast (rain, severely wounded)
You shoot a curare-tipped needle.
The curare-tipped needle closely misses the sky beast.
The sky beast hits you.
* * * LOW HITPOINT WARNING * * *
The sky beast shocks you.
You die...

[....#####..#.###....##.#.....###
.........#..#.##.................
#......#..#.##........#####....
#.(....#..#............. +....
#......#..####.###...### #....
###......#.............'. +....
.('............#(#.....# #....
###............#Y#.....# #....
#######......#@# ...## ####
#......#.# ...# ########.# ).#
#.# . #.# #.# #.# #.# #.#


You could see a sky beast.

Vanquished Creatures
  Sigmund (D:2)
  2 iguanas
  3 worker ants
  An orc wizard (D:3)
  2 hound skeletons (D:4)
  7 adders
  3 river rats (D:3)
  3 giant mites
  3 worms
  A giant gecko (D:2)
  2 oozes
  4 orcs
  8 hobgoblins
  4 jackals (D:3)
  7 ball pythons
  6 bats
  7 goblins
  7 kobolds
  A quokka (D:2)
  13 rats
85 creatures vanquished.

Notes
Turn   | Place    | Note
--------------------------------------------------------------
     0 | D:1      | hhkb, the Vine Stalker Assassin, began the quest for the Orb.
     0 | D:1      | Reached XP level 1. HP: 11/11 MP: 1/1
    64 | D:1      | Reached skill level 2 in Short Blades
   212 | D:1      | Reached XP level 2. HP: 13/15 MP: 3/3
   695 | D:2      | Found a radiant altar of Vehumet.
   697 | D:2      | Noticed Sigmund
   710 | D:2      | Killed Sigmund
   710 | D:2      | Reached skill level 4 in Short Blades
   710 | D:2      | Reached XP level 3. HP: 12/18 MP: 2/4
   710 | D:2      | Reached XP level 4. HP: 15/23 MP: 2/5
   951 | D:2      | Reached XP level 5. HP: 24/26 MP: 7/7
  1383 | D:3      | Found a burning altar of Makhleb.
  1538 | D:3      | Reached skill level 5 in Stealth
  1866 | D:3      | Reached skill level 1 in Maces & Flails
  2024 | D:3      | Gained mutation: You heal very quickly. [vine stalker growth]
  2024 | D:3      | Reached XP level 6. HP: 30/30 MP: 8/8
  2132 | D:3      | Reached skill level 2 in Maces & Flails
  2741 | D:4      | Reached skill level 3 in Maces & Flails
  3717 | D:5      | Entered Level 5 of the Dungeon
  3890 | D:5      | Reached skill level 4 in Maces & Flails
  3890 | D:5      | Reached XP level 7. HP: 34/34 MP: 9/9
  3995 | D:5      | HP: 7/34 [something (5)]
  3997 | D:5      | HP: 2/34 [sky beast (4)]
  3998 | D:5      | Slain by a sky beast

Action                   |  1- 3 |  4- 6 |  7- 9 || total
-------------------------+-------+-------+-------++-------
Melee: Dagger            |    40 |   205 |       ||   245
       Whip              |       |    23 |    24 ||    47
 Fire: Blowgun           |     8 |    41 |     4 ||    53
Throw: Stone             |       |     6 |       ||     6
  Use: Scroll            |     1 |     6 |       ||     7
 Stab: Sleeping          |     2 |     1 |       ||     3
       Distracted        |       |     1 |       ||     1
  Eat: Chunk             |       |     7 |     1 ||     8
       Pizza             |       |     1 |       ||     1

Vault maps used:
D:1:      lemuel_arrival_behind_the_door_large
D:2:      fiery_altar_vehumet, first_bread, minmay_shallow_snake_nest,
          uniq_sigmund
D:3:      portal_sewer_entry_e, lemuel_altar_in_water2
D:5:      minmay_opposing_rooms

Table legend:
 A = Turns spent in this place as a percentage of turns spent in the entire game.
 B = Non-inter-level travel turns spent in this place as a percentage of non-inter-level travel turns spent in the entire game.
 C = Inter-level travel turns spent in this place as a percentage of turns spent in this place.
 D = Turns resting spent in this place as a percentage of non-inter-level travel turns spent in this place.
 E = Turns spent auto-exploring this place as a percentage of non-inter-level travel turns spent in this place.
 F = Non-inter-level travel turns spent in this place divided by the number of levels of this place that you've seen.
                   A       B       C       D       E      F
               +-------+-------+-------+-------+-------+----------------------
         Total | 100.0 | 100.0 |   0.5 |   1.0 |   7.9 | 374.6
       Dungeon | 100.0 | 100.0 |   0.5 |   1.0 |   7.9 | 374.6
               +-------+-------+-------+-------+-------+----------------------

Table legend:
 A = Kills in this place as a percentage of kills in entire the game.
 B = Kills by you in this place as a percentage of kills by you in the entire game.
 C = Kills by friends in this place as a percentage of kills by friends in the entire game.
 D = Other kills in this place as a percentage of other kills in the entire game.
 E = Experience gained in this place as a percentage of experience gained in the entire game.
 F = Experience gained in this place divided by the number of levels of this place that you have seen.
                   A       B       C       D       E      F
               +-------+-------+-------+-------+-------+----------------------
         Total | 100.0 | 100.0 |  -nan |  -nan | 100.0 | 129.4
       Dungeon | 100.0 | 100.0 |  -nan |  -nan | 100.0 | 129.4
               +-------+-------+-------+-------+-------+----------------------
